 Dungeon Crawl Stone Soup version 0.28-a0-1629-gf728b707aa (webtiles) character file.

Game seed: 6370290891522043112

102 issech the Cudgeller (level 4, 0/45 HPs)
             Began as a Troll Monk on Jan 25, 2022.
             Slain by Crazy Yiuf (12 damage)
             ... on level 2 of the Dungeon.
             The game lasted 00:06:54 (1695 turns).

issech the Cudgeller (Troll Monk)                   Turns: 1695, Time: 00:06:54

Health: 0/45       AC:  4    Str: 19    XL:     4   Next: 49%
Magic:  3/3        EV: 10    Int:  6    God:
Gold:   79         SH:  0    Dex: 14    Spells: 3/3 levels left

rFire   + . .      SeeInvis .   j - +2 short sword (vamp)
rCold   . . .      Faith    .   (no shield)
rNeg    . . .      Spirit   .   b - +0 robe
rPois   .          Reflect  .   (helmet restricted)
rElec   .          Harm     .   (no cloak)
rCorr   .          Rampage  .   (gloves unavailable)
Will    .....                   (boots unavailable)
Stlth   ++........              (no amulet)
HPRegen 0.95/turn               o - ring of protection from fire
MPRegen 0.08/turn               (no ring)

@: no status effects
A: large, unfitting armour, claws 3, regeneration 1, shaggy fur 1, tough skin 1
a: no special abilities


You were on level 2 of the Dungeon.
You visited 1 branch of the dungeon, and saw 2 of its levels.

You collected 79 gold pieces.

Inventory:

Hand Weapons
 a - a +0 mace
 j - a +2 vampiric short sword (weapon)
 k - a +0 war axe
Missiles
 c - 17 bolts
 g - 6 poisoned darts (quivered)
 l - 17 stones
Armour
 b - a +0 robe (worn)
 q - a +0 animal skin
Jewellery
 o - a ring of protection from fire (left claw)
Scrolls
 d - 3 scrolls of identify {unknown}
 e - a scroll of fear {unknown}
 f - a scroll of torment {unknown}
 h - a scroll of teleportation {unknown}
 m - a scroll of brand weapon {unknown}
 p - a scroll of enchant armour {unknown}
Potions
 i - a potion of might {unknown}
 n - 2 potions of berserk rage {unknown}
 r - a potion of lignification {unknown}


   Skills:
 + Level 3.0 Fighting
 + Level 3.5 Maces & Flails
 + Level 3.1 Dodging
 + Level 1.2 Stealth


You had 3 spell levels left.
You didn't know any spells.
Your spell library contained the following spells:

 Spells                   Type           Power      Damage    Failure   Level
 Shock                    Conj/Air       0%         1d3       45%         1
 Ignite Poison            Fire/Tmut/Pois 0%         N/A       83%         3
 Mephitic Cloud           Conj/Pois/Air  0%         N/A       83%         3
 Swiftness                Air            0%         N/A       83%         3
 Airstrike                Air            0%         N/A       99%         4
 Freezing Cloud           Conj/Ice/Air   0%         6-21      100%        5


Dungeon Overview and Level Annotations

Branches:
Dungeon (2/15)

Altars:

Annotations:
D:2 Crazy Yiuf


Innate Abilities, Weirdness & Mutations

You are too large for most types of armour.
You have claws for hands.
Your natural rate of healing is unusually fast.
You are covered in fur. (AC +1)
You have tough skin. (AC +1)


Message History

Things that are here:
a +0 short sword; a +0 dagger; a +0 robe
There is a stone staircase leading down here.
o - a ring of protection from fire (left claw) Crazy Yiuf shouts!
You feel a sense of dread.
j - a +2 vampiric short sword (weapon)
Crazy Yiuf laughs, "Mugger koolooloo aubergine!"
You open the door.
Crazy Yiuf says, "Trifle!"
Crazy Yiuf hits you with a +2 quarterstaff of chaos!
There is an open translucent door, spattered with blood here.
You hit Crazy Yiuf.
Crazy Yiuf is moderately wounded.
Crazy Yiuf hits you but does no damage.
You hit Crazy Yiuf.
You feel better.
Crazy Yiuf is heavily wounded.
Crazy Yiuf hits you with a +2 quarterstaff of chaos!
Crazy Yiuf freezes you.
You hit Crazy Yiuf but do no damage.
Crazy Yiuf is heavily wounded.
Crazy Yiuf barely misses you.
You hit Crazy Yiuf.
Crazy Yiuf is severely wounded.
Crazy Yiuf closely misses you.
You hit Crazy Yiuf.
Crazy Yiuf is almost dead.
Crazy Yiuf hits you with a +2 quarterstaff of chaos!
You are electrocuted!
* * * LOW HITPOINT WARNING * * *
You hit Crazy Yiuf but do no damage.
Crazy Yiuf is almost dead.
Crazy Yiuf misses you.
You hit Crazy Yiuf.
Crazy Yiuf is almost dead.
Crazy Yiuf closely misses you.
You hit Crazy Yiuf but do no damage.
Crazy Yiuf is almost dead.
Crazy Yiuf hits you with a +2 quarterstaff of chaos!
You die...

#.......####.#.#
#.....####
#..............#
#........#
#..^....####.#.#
#.....##.# #.....###
##### #####.##.#
#.....# ####.#
####)## ######## #.#
######.# ####
###.#....###.##
##...##.#
#...##..#..........#
.....##.#
#...g@####......#..#
##...##.# #)..###
##....##..# ##.###.#
#### #######..# #.#
#.# #..# #.# #.#
#..# ###.###.# #####
#..### #.....#.#
##.#.#######.....
#.....#.#
###.........##.####
........#
#.........[....#


You could see Crazy Yiuf.

Vanquished Creatures
  Jessica (D:2)
  Robin (D:2)
  An adder (D:2)
  A worm (D:2)
  7 bats
  2 endoplasms
  A giant cockroach (D:2)
  10 goblins
  4 hobgoblins
  3 jackals (D:1)
  6 kobolds
  4 quokkas
  3 ball pythons
  2 frilled lizards (D:2)
  4 rats
50 creatures vanquished.

Notes
Turn   | Place    | Note
-------+----------+-------------------------------------------
     0 | D:1      | issech the Troll Monk began the quest for the Orb.
     0 | D:1      | Reached XP level 1. HP: 22/22 MP: 0/0
   338 | D:1      | Reached XP level 2. HP: 27/29 MP: 1/1
   839 | D:2      | Reached XP level 3. HP: 34/36 MP: 2/2
   851 | D:2      | Noticed Jessica
   870 | D:2      | Killed Jessica
  1095 | D:2      | Noticed Robin
  1112 | D:2      | Reached XP level 4. HP: 17/44 MP: 3/3
  1120 | D:2      | Killed Robin
  1309 | D:2      | Found a runed translucent door.
  1310 | D:2      | Noticed Crazy Yiuf
  1695 | D:2      | Slain by Crazy Yiuf

Illustrated notes

Levels and vault maps discovered:
D:1:      tarquinn_simple_flora_water_c, layout_loops_ring
D:2:      layout_loops_ring, grunt_ministairs_11, uniq_robin, uniq_jessica,
          uniq_crazy_yiuf_cottage

Skill      XL: |  1  2  3  4 |
---------------+-------------+-----
Maces & Flails | 3 |  3.5
Dodging        | 3 |  3.1
Fighting       | 3 |  3.0
Stealth        | |  1.2

Action                   |  1- 3 |  4- 6 || total
-------------------------+-------+-------++-------
Melee: Mace              |   139 |    40 ||   179
       Punch             |     1 |       ||     1
       Short sword       |       |     8 ||     8
 Stab: Sleeping          |     3 |     2 ||     5
Armor: Robe              |   113 |    14 ||   127
Dodge: Dodged            |   132 |    29 ||   161

Table legend: (Time is in decaauts)
 A = Elapsed time spent in this place.
 B = Non-inter-level travel time spent in this place.
 C = Inter-level travel time spent in this place.
 D = Time resting spent in this place.
 E = Time spent auto-exploring this place.
 F = Levels seen in this place.
 G = Mean time per level.
                   A        B        C        D        E       F      G
               +--------+--------+--------+--------+--------+-----+--------+
         Total |   1739 |   1719 |     20 |     12 |    724 |   2 |  869.5 |
       Dungeon |   1739 |   1719 |     20 |     12 |    724 |   2 |  869.5 |
               +--------+--------+--------+--------+--------+-----+--------+

Top non-repeatable levels by time:
     D:2: 993 daAuts
     D:1: 745 daAuts
